 Dungeon Crawl Stone Soup version 0.20-a0-1043-gbd57889 (webtiles) character file.

22246 Duffy the Cleaver (level 12, 0/97 HPs)
             Began as a Gnoll Gladiator on Apr 25, 2017.
             Was a High Priest of Cheibriados.
             Slain by an orange demon (1 damage)
             ... led by a cacodemon
             ... on level 2 of the Abyss.
             The game lasted 00:14:36 (14068 turns).

Duffy the Cleaver (Gnoll Gladiator)                Turns: 14068, Time: 00:14:37

Health: 0/97       AC: 20    Str: 31    XL:     12   Next: 98%
Magic:  17/17      EV: 17    Int: 20    God:    Cheibriados [*****.]
Gold:   590        SH:  0    Dex: 29    Spells: 11/11 levels left

rFire    . . .     SeeInvis .   a - +0 war axe (elec)
rCold    + . .     Gourm    +   (no shield)
rNeg     . . .     Faith    .   g - +0 plate armour
rPois    .         Spirit   .   (helmet restricted)
rElec    .         Reflect  .   u - +0 cloak
rCorr    .         Harm     .   (no gloves)
MR       .....     Clarity  +   M - +1 pair of boots
Stlth    ..........             E - amulet of the gourmand
Regen    0.3/turn               v - +2 ring of protection
MPRegen  0.2/turn               K - ring of protection from cold

@: very slow
A: short attention span, fangs 1, horns 1, talons 1, clarity, dopey 1, low mp 1,
weak 1, evolution 2, strong nose
a: Bend Time, Temporal Distortion, Slouch, Step From Time, Renounce Religion


You were on level 2 of the Abyss.
You worshipped Cheibriados.
Cheibriados was extremely pleased with you.
You were full.

You visited 2 branches of the dungeon, and saw 13 of its levels.
You visited the Abyss 1 time.

You collected 734 gold pieces.
You spent 144 gold pieces at shops.

Inventory:

Hand Weapons
 a - a +0 war axe of electrocution (weapon)
 b - a +3 blowgun
 x - a +0 war axe
 R - a +1 hand axe of chopping
Missiles
 B - 5 curare-tipped needles
 F - 2 throwing nets (quivered)
Armour
 c - a +0 helmet
 g - a +0 plate armour (worn)
 u - a +0 cloak (worn)
 y - a +3 ring mail of poison resistance
 A - a scarf of cold resistance
 M - a +1 pair of boots (worn)
Jewellery
 v - a +2 ring of protection (left hand)
 E - an amulet of the gourmand (around neck)
 K - a ring of protection from cold (right hand)
 P - a cursed -3 ring of slaying {unknown}
Wands
 D - a wand of flame (20/48)
 Q - a wand of iceblast (2/15)
Scrolls
 e - 11 scrolls of remove curse
 k - 4 scrolls of enchant armour
 m - a scroll of teleportation
 p - a scroll of magic mapping
 s - 2 scrolls of recharging
 w - a scroll of fog
 C - a scroll of holy word {unknown}
 L - a scroll of blinking {unknown}
 N - a scroll of noise {unknown}
 O - a scroll of immolation {unknown}
Potions
 d - 3 potions of lignification
 h - a potion of flight {unknown}
 j - a potion of mutation {unknown}
 o - a potion of ambrosia {unknown}
 q - a potion of magic
 t - 2 potions of berserk rage {unknown}
 G - a potion of invisibility {unknown}
 H - 2 potions of agility
 I - a potion of might
 J - 3 potions of curing
Comestibles
 f - 4 bread rations
 i - 9 meat rations
 l - 14 royal jellies
 r - 20 fruits


   Skills:
 + Level 10.1 Fighting
 + Level 11.3 Axes
 - Level 3.0 Throwing
 + Level 10.1 Armour
 + Level 10.2 Dodging
 - Level 10.0 Invocations


You had 11 spell levels left.
You didn't know any spells.

Dungeon Overview and Level Annotations

Branches:
Dungeon (12/15)            Temple (1/1) D:4            Lair (0/6) D:9
    Orc (0/2) D:11

Altars:
Ashenzari
Cheibriados
Dithmenos
Elyvilon
Fedhas
Gozag
Hepliaklqana
Kikubaaqudgha
Makhleb
Nemelex Xobeh
Okawaru
Qazlal
Ru
Sif Muna
Trog
Uskayaw
Vehumet
Wu Jian
Xom
Yredelemnul
Zin
The Shining One

Shops:
D:5 =   D:7 !   D:10 }

Annotations:
D:12 Erolcha


Innate Abilities, Weirdness & Mutations

You have a short attention span.
You have very sharp teeth.
Your uncanny sense of smell can sniff out nearby items.
You have a pair of small horns on your head.
You have sharp toenails.
You possess an exceptional clarity of mind.
You are dopey. (Int -2)
Your magical capacity is low. (-10% MP)
You are weak. (Str -2)
You rapidly evolve.


Message History

You hit the cacodemon but do no damage. The cacodemon gestures at you.
Strange energies course through your body.
You feel less energetic.
The fire dragon simulacrum bites you but does no damage.
The fire dragon simulacrum closely misses you.
The fire dragon simulacrum tramples you but does no damage.
You slice the fire dragon simulacrum!!
The fire dragon simulacrum vapourises!
Cheibriados appreciates the change of pace.
You hit the cacodemon but do no damage. The cacodemon hits you!
The cacodemon barely misses you.
Really walk into that cloud of freezing vapour?
Okay, then.
Unknown command.
You hit the cacodemon. You bite the cacodemon!
The cacodemon is lightly wounded.
The cacodemon misses you. The cacodemon hits you.
The orange demon stings you from afar.
You die...

## . .# #### #.
.....#. #...##
{ . ##
###0###.#
#...#.#@...# .
{
#...42###.###..
. #.#.##4# # .
... $ #
#..#..#......#
.....#....# ##
#.#...#.
...#..# .# ..
.... ###.
.###.. . .


You could see a cacodemon and 2 orange demons.

Vanquished Creatures
  8 two-headed ogres
  A wolf spider (D:11)
  An ugly thing (D:11)
  A manticore (D:9)
  2 centaur zombies
  A smoke demon (Abyss:2)
  A gargoyle (D:11)
  A silent spectre (Abyss:2)
  2 trolls
  A hornet (D:8)
  Prince Ribbit (D:6)
  Grinder (D:3)
  4 hippogriffs
  Sigmund (D:9)
  A shadow (D:11)
  A wraith (D:11)
  26 yaks
  Eustachio (D:4)
  2 large abominations (Abyss:2)
  Edmund (D:4)
  A soldier ant (D:8)
  A water moccasin (D:11)
  A small abomination (Abyss:2)
  6 orc warriors
  4 porcupines (D:9)
  Duvessa (D:6)
  A black bear (D:7)
  3 sky beasts
  A fire dragon simulacrum (Abyss:2)
  4 ice beasts
  7 starcursed masses (Abyss:2)
  A hornet zombie (D:8)
  4 ogres
  A phantom (D:6)
  2 centaurs
  A big kobold (D:6)
  2 crocodiles (D:9)
  6 bullfrogs
  A gnoll sergeant (D:8)
  A scorpion (D:11)
  Dowan (D:6)
  13 killer bees
  17 wights
  An electric eel (D:11)
  3 howler monkeys
  7 crimson imps
  7 hounds
  3 jellies
  Crazy Yiuf (D:3)
  10 orc priests
  16 orc wizards
  3 centaur skeletons
  6 iguanas
  10 worker ants
  Natasha (thrice) (D:4 D:5)
  4 hound skeletons
  3 hound zombies
  2 worker ant zombies (D:9)
  Robin (D:3)
  6 gnolls
  11 adders
  An ooze (D:4)
  2 adder zombies
  6 worms
  2 dart slugs
  2 leopard geckos
  34 orcs
  6 giant cockroaches
  7 hobgoblins
  17 jackals
  3 quokkas
  A ball python (D:2)
  6 bats
  5 frilled lizards
  21 goblins
  A jackal skeleton (D:4)
  19 kobolds
  A leopard gecko skeleton (D:7)
  A leopard gecko zombie (D:6)
  10 rats
  2 fungi (D:3)
  A plant (D:9)
383 creatures vanquished.

Vanquished Creatures (others)
  2 fungi (D:9)
  2 plants (D:9)
4 creatures vanquished.

Grand Total: 387 creatures vanquished

Notes
Turn   | Place    | Note
-------+----------+-------------------------------------------
     0 | D:1      | Duffy the Gnoll Gladiator began the quest for the Orb.
     0 | D:1      | Reached XP level 1. HP: 18/18 MP: 1/1
   121 | D:1      | Reached skill level 5 in Axes
   186 | D:1      | Reached XP level 2. HP: 24/24 MP: 2/2
   906 | D:2      | Reached skill level 1 in Armour
  1050 | D:2      | Reached XP level 3. HP: 24/29 MP: 3/3
  1179 | D:2      | Reached skill level 6 in Axes
  1385 | D:2      | Reached XP level 4. HP: 18/35 MP: 4/4
  1713 | D:2      | Found a deep blue altar of Sif Muna.
  1930 | D:2      | Found a hazy altar of Hepliaklqana.
  2151 | D:3      | Noticed Grinder
  2193 | D:3      | Killed Grinder
  2193 | D:3      | Reached skill level 7 in Axes
  2193 | D:3      | Reached skill level 5 in Armour
  2193 | D:3      | Reached XP level 5. HP: 22/41 MP: 5/5
  2193 | D:3      | Reached XP level 6. HP: 26/47 MP: 6/6
  2730 | D:3      | Noticed Robin
  2744 | D:3      | Killed Robin
  2927 | D:3      | Found a runed door.
  2931 | D:3      | Noticed Crazy Yiuf
  2935 | D:3      | Killed Crazy Yiuf
  2935 | D:3      | Reached skill level 8 in Axes
  3267 | D:4      | Noticed Eustachio
  3327 | D:4      | Killed Eustachio
  3327 | D:4      | Reached XP level 7. HP: 45/52 MP: 7/7
  3383 | D:4      | Found a staircase to the Ecumenical Temple.
  3392 | Temple   | Entered the Ecumenical Temple
  3575 | Temple   | Became a worshipper of Cheibriados the Contemplative
  3839 | D:4      | Noticed Natasha
  3847 | D:4      | Killed Natasha
  3880 | D:4      | Reached * piety under Cheibriados
  4043 | D:4      | Noticed Edmund
  4053 | D:4      | Killed Edmund
  4156 | D:4      | Reached skill level 9 in Axes
  4227 | D:4      | Noticed Natasha
  4244 | D:4      | Killed Natasha
  4244 | D:4      | Reached XP level 8. HP: 58/58 MP: 8/8
  4356 | D:4      | Reached skill level 5 in Dodging
  4762 | D:4      | Found a staircase to the Ecumenical Temple.
  5316 | D:4      | Reached skill level 5 in Fighting
  5392 | D:5      | Entered Level 5 of the Dungeon
  5459 | D:5      | Found a bloodstained altar of Trog.
  5460 | D:5      | Found a shimmering altar of Xom.
  5460 | D:5      | Found a radiant altar of Vehumet.
  5462 | D:5      | Found a sparkling altar of Nemelex Xobeh.
  5463 | D:5      | Found an ancient bone altar of Kikubaaqudgha.
  5634 | D:5      | Found a burning altar of Makhleb.
  5914 | D:5      | Found Ejuzotach's Jewellery Shop.
  6051 | D:5      | Noticed Natasha
  6054 | D:5      | Killed Natasha
  6422 | D:6      | Reached ** piety under Cheibriados
  6433 | D:6      | Reached XP level 9. HP: 62/71 MP: 9/9
  6686 | D:6      | Noticed Prince Ribbit
  7042 | D:6      | Found a white marble altar of Elyvilon.
  7068 | D:6      | Killed Prince Ribbit
  7339 | D:6      | Gained mutation: You have sharp toenails. [mutagenic meat]
  7340 | D:6      | Gained mutation: You are dopey. (Int -2) [mutagenic meat]
  7341 | D:6      | Gained mutation: You evolve. [mutagenic meat]
  7342 | D:6      | Gained mutation: You have a pair of small horns on your head. [mutagenic meat]
  7343 | D:6      | Gained mutation: You are weak. (Str -2) [mutagenic meat]
  7379 | D:6      | Noticed Duvessa
  7379 | D:6      | Noticed Dowan
  7383 | D:6      | Killed Dowan
  7392 | D:6      | Killed Duvessa
  7556 | D:6      | Reached *** piety under Cheibriados
  7680 | D:7      | Reached skill level 1 in Invocations
  7742 | D:7      | Reached XP level 10. HP: 83/83 MP: 9/11
  7788 | D:7      | Found Townil's Distillery.
  7802 | D:7      | Bought a potion of degeneration for 12 gold pieces
  7802 | D:7      | Bought a potion of agility for 48 gold pieces
  7802 | D:7      | Bought a potion of might for 48 gold pieces
  7802 | D:7      | Bought a potion of curing for 36 gold pieces
  7893 | D:7      | Gained mutation: You rapidly evolve. [evolution]
  7931 | D:7      | Reached skill level 5 in Invocations
  8127 | D:7      | Reached **** piety under Cheibriados
  8845 | D:8      | Found a glowing golden altar of the Shining One.
  9276 | D:9      | Noticed a two-headed ogre
  9283 | D:9      | Killed a two-headed ogre
  9396 | D:9      | Noticed a manticore
  9416 | D:9      | Reached skill level 10 in Axes
  9428 | D:9      | Reached XP level 11. HP: 69/89 MP: 17/17
  9430 | D:9      | Reached ***** piety under Cheibriados
  9526 | D:9      | Killed a manticore
  9736 | D:9      | Noticed a two-headed ogre
  9746 | D:9      | Killed a two-headed ogre
  9881 | D:9      | Found a staircase to the Lair.
 10191 | D:9      | Reached skill level 10 in Invocations
 10342 | D:9      | Noticed Sigmund
 10350 | D:9      | Killed Sigmund
 10395 | D:9      | Gained mutation: You possess an exceptional clarity of mind. [evolution]
 10526 | D:9      | Found a hide-covered altar of Uskayaw.
 10767 | D:9      | Noticed a two-headed ogre
 10775 | D:9      | Killed a two-headed ogre
 10887 | D:9      | Found a shadowy altar of Dithmenos.
 10957 | D:10     | Entered Level 10 of the Dungeon
 10995 | D:10     | Found an iron altar of Okawaru.
 11065 | D:10     | Found Luphuenk's Gadget Shoppe.
 11125 | D:10     | Noticed a two-headed ogre
 11136 | D:10     | Killed a two-headed ogre
 11136 | D:10     | Reached XP level 12. HP: 51/95 MP: 16/19
 11506 | D:10     | Noticed a two-headed ogre
 11510 | D:10     | Killed a two-headed ogre
 11510 | D:10     | Reached skill level 11 in Axes
 12952 | D:11     | Noticed a two-headed ogre
 12967 | D:11     | Killed a two-headed ogre
 12967 | D:11     | Reached skill level 10 in Dodging
 13200 | D:11     | Reached skill level 10 in Armour
 13356 | D:11     | Noticed a two-headed ogre
 13364 | D:11     | Killed a two-headed ogre
 13364 | D:11     | Reached skill level 10 in Fighting
 13457 | D:11     | Found a staircase to the Orcish Mines.
 13536 | D:11     | Noticed a two-headed ogre
 13543 | D:11     | Killed a two-headed ogre
 13698 | D:12     | Noticed Erolcha
 13698 | D:12     | Cast into level 2 of the Abyss (Erolcha)
 13699 | Abyss:2  | Found a corrupted altar of Lugonu.
 13751 | Abyss:2  | Noticed a starcursed mass
 13781 | Abyss:2  | Noticed a cyan very ugly thing
 13794 | Abyss:2  | Found a corrupted altar of Lugonu.
 14014 | Abyss:2  | Noticed a starcursed mass
 14021 | Abyss:2  | Paralysed by accursed screaming for 1 turns
 14036 | Abyss:2  | HP: 4/97 [starcursed mass/accursed screaming (8)]
 14061 | Abyss:2  | Noticed a cacodemon
 14066 | Abyss:2  | Gained mutation: Your magical capacity is low. (-10% MP) [a cacodemon]
 14067 | Abyss:2  | HP: 3/97 [cacodemon (11)]
 14068 | Abyss:2  | HP: 1/97 [cacodemon (2)]
 14068 | Abyss:2  | Slain by an orange demon

Vault maps used:
D:1:      lightli_arrival_isolated_outpost, st_stairs_10
D:2:      nicolae_overflow_crystal_walls, led_sif_pool, st_stairs_3,
          minmay_fountain_box, minmay_misc_feat_encased
D:3:      first_bread, corexii_item_surrounded_by_moat, uniq_grinder,
          uniq_crazy_yiuf_cottage, uniq_robin
D:4:      minmay_temple_entry_junction, serial_co_window_serial,
          co_window_corner_a, co_window_paths_a, co_window_paths_a,
          co_window_paths_a, co_window_of_opportunity_a, co_window_cross_1,
          co_window_corner_a, co_window_broadway_c, co_window_of_opportunity_c,
          co_window_corner_ca, co_window_corner_cb, co_window_4corner_a,
          lemuel_old_faithful, uniq_eustachio, uniq_natasha, uniq_edmund
D:5:      lemuel_doored_altar, minitemple, serial_shops, shop_statue
D:6:      grunt_ministairs_1, elyvilon_altar_3, uniq_duvessa,
          uniq_prince_ribbit1, uniq_sigmund
D:7:      serial_shops, kennysheep_little_box
D:8:      tso_metal_star, hangedman_pestilent_swarm
D:9:      nicolae_overflow_hidden_temple, eat_drink_and_be_merry_uskayaw,
          minmay_lair_entry_grove
D:10:     serial_shops, nicolae_shop_temple_entry_statues_fountains,
          okawaru_trees_2
D:11:     wad_river_or_something, orc_0_dummy
D:12:     uniq_erolcha
Temple:   bh_familiar_temple

Skill      XL: |  1  2  3  4  5  6  7  8  9 10 11 12 |
---------------+-------------------------------------+-----
Axes           | 5 6 7 8 9 10 11 | 11.3
Armour         | 1 2 5 6 7 9 10 | 10.1
Fighting       | 6 9 10 | 10.1
Dodging        | 7 9 10 | 10.2
Invocations    | 2 8 10 | 10.0
Throwing       | |  3.0

Action                   |  1- 3 |  4- 6 |  7- 9 | 10-12 || total
-------------------------+-------+-------+-------+-------++-------
Melee: War axe           |   126 |   211 |   295 |   515 ||  1147
       Bite              |    13 |    22 |    47 |   102 ||   184
       Kick              |       |       |    16 |   173 ||   189
       Headbutt          |       |       |    11 |   195 ||   206
Throw: Throwing net      |       |     6 |     1 |       ||     7
Invok: Bend Time         |       |       |       |     8 ||     8
       Slouch            |       |       |       |     3 ||     3
       Temporal Distorti |       |       |       |     2 ||     2
  Use: Scroll            |       |       |     6 |     8 ||    14
       Potion            |       |       |       |     4 ||     4
 Stab: Held in net/web   |       |     1 |     2 |       ||     3
  Eat: Chunk             |     2 |     6 |    19 |    12 ||    39
Armor: Leather armour    |     7 |       |       |       ||     7
       Plate armour      |    91 |   157 |   177 |   204 ||   629
Dodge: Dodged            |    51 |    85 |   134 |   371 ||   641
